 Dungeon Crawl Stone Soup version 0.22.0-38-g04b72b8 (console) character file.

185 bli the Insei (level 5, -6/42 HPs)
             Began as a Demonspawn Monk on Aug 26, 2018.
             Was a Believer of Qazlal.
             Killed by nerve-wracking pain
             ... invoked by Grinder
              (13 damage)
             ... on level 3 of the Dungeon.
             The game lasted 00:12:07 (2729 turns).

bli the Insei (Demonspawn Monk)                     Turns: 2729, Time: 00:12:07

Health: -6/42      AC:  4    Str: 11    XL:     5   Next: 37%
Magic:  5/5        EV: 14    Int: 12    God:    Qazlal [**....]
Gold:   77         SH:  2    Dex: 16    Spells: 4/4 levels left

rFire    . . .     SeeInvis .     - Unarmed
rCold    . . .     Gourm    .   (no shield)
rNeg     . . .     Faith    .   a - +0 robe
rPois    .         Spirit   .   p - +0 helmet
rElec    .         Reflect  .   t - +0 cloak
rCorr    .         Harm     .   (no gloves)
MR       .....                  (no boots)
Stlth    ++........             (no amulet)
HPRegen  0.14/turn              w - ring of flight
MPRegen  0.09/turn              (no ring)

@: no status effects
A: claws 1, rot immunity
a: Upheaval, Renounce Religion, Evoke Flight


You were on level 3 of the Dungeon.
You worshipped Qazlal.
Qazlal was pleased with you.
You were not hungry.

You visited 1 branch of the dungeon, and saw 3 of its levels.

You collected 77 gold pieces.

Inventory:

Hand Weapons
 e - a +2 vampiric dagger
 h - a +3 dagger
Missiles
 j - 7 tomahawks of returning (quivered)
Armour
 a - a +0 robe (worn)
 p - a +0 helmet (worn)
 t - a +0 cloak (worn)
Jewellery
 f - an uncursed amulet of guardian spirit {unknown}
 w - a ring of flight (left claw)
Scrolls
 c - a scroll of blinking {unknown}
 d - 4 scrolls of identify {unknown}
 g - 2 scrolls of fog {unknown}
 i - 5 scrolls of teleportation {unknown}
 m - a scroll of noise {unknown}
 o - 3 scrolls of fear {unknown}
 r - 2 scrolls of immolation {unknown}
 s - a scroll of magic mapping {unknown}
 u - 2 scrolls of amnesia {unknown}
 v - a scroll of enchant weapon {unknown}
 y - a scroll of remove curse {unknown}
Potions
 l - a potion of flight {unknown}
 n - a potion of brilliance {unknown}
 q - a potion of agility {unknown}
 x - a potion of cancellation {unknown}
 z - a potion of heal wounds {unknown}
Comestibles
 b - 5 rations
 k - 8 chunks of flesh


   Skills:
 * Level 4.0 Fighting
 + Level 3.3 Dodging
 - Level 2.4 Stealth
 + Level 4.2 Unarmed Combat


You had 4 spell levels left.
You didn't know any spells.
Your spell library was empty.

Dungeon Overview and Level Annotations

Branches:
Dungeon (3/15)

Altars:
Ashenzari
Elyvilon
Gozag
Hepliaklqana
Kikubaaqudgha
Okawaru
Qazlal
Sif Muna
Uskayaw
Zin
The Shining One

Annotations:
D:3 Grinder


Innate Abilities, Weirdness & Mutations

You have sharp fingernails.
You are immune to rotting.


Message History

Grinder is heavily wounded.
Grinder hits you.
* * * LOW HITPOINT WARNING * * *
You writhe in agony.
* * * LOW HITPOINT WARNING * * *
You scratch Grinder.
Grinder is severely wounded.
Grinder misses you.
You closely miss Grinder.
Grinder is severely wounded.
Grinder blinks!
Throwing (i - inventory)
j - 8 tomahawks of returning (quivered)
Press: ? - help, Shift-Dir - straight line, f - Grinder
Aim: Grinder (severely wounded)
You throw a tomahawk of returning.
The tomahawk of returning closely misses Grinder.
The tomahawk of returning fails to return to your pack!
Grinder gestures at you. Pain shoots through your body!
You die...

..........###....
...........#.....
#...............
##.....))#....##
≈##...........# .
≈≈##.=...#....### ..
.≈##............. ...
._8##.....)..### ## ..
#####.#.##...##
.#.###.
#....#....###§..5...
#....#.....)@#
#.....#.....#.......$
#...................$.
......................
...........>.......
##.................
##................
#................


You could see Grinder.

Vanquished Creatures
  Natasha (D:3)
  Robin (D:2)
  4 adders (D:2)
  3 gnolls
  A leopard gecko (D:2)
  6 orcs (D:3)
  4 giant cockroaches
  19 goblins
  10 hobgoblins
  6 kobolds
  A quokka (D:3)
  7 bats
  2 frilled lizards (D:1)
  7 rats
72 creatures vanquished.

Notes
Turn   | Place    | Note
-------+----------+-------------------------------------------
     0 | D:1      | bli the Demonspawn Monk began the quest for the Orb.
     0 | D:1      | Reached XP level 1. HP: 18/18 MP: 1/1
    86 | D:1      | Gained mutation: You are immune to rotting. [demonic ancestry]
    86 | D:1      | Reached XP level 2. HP: 13/24 MP: 2/2
   795 | D:1      | Gained mutation: You have sharp fingernails. [demonic ancestry]
   795 | D:1      | Reached XP level 3. HP: 29/29 MP: 3/3
  1038 | D:2      | Noticed Robin
  1675 | D:2      | Reached XP level 4. HP: 29/37 MP: 4/4
  2009 | D:2      | Killed Robin
  2175 | D:3      | Found a white marble altar of Elyvilon.
  2254 | D:3      | Found a glowing golden altar of the Shining One.
  2256 | D:3      | Found an iron altar of Okawaru.
  2256 | D:3      | Found a glowing silver altar of Zin.
  2257 | D:3      | Found an opulent altar of Gozag.
  2257 | D:3      | Found a hazy altar of Hepliaklqana.
  2257 | D:3      | Found an ancient bone altar of Kikubaaqudgha.
  2257 | D:3      | Found a deep blue altar of Sif Muna.
  2596 | D:3      | Reached XP level 5. HP: 28/42 MP: 5/5
  2646 | D:3      | Found a shattered altar of Ashenzari.
  2646 | D:3      | Found a hide-covered altar of Uskayaw.
  2647 | D:3      | Found a stormy altar of Qazlal.
  2665 | D:3      | Became a worshipper of Qazlal Stormbringer
  2665 | D:3      | Reached * piety under Qazlal
  2665 | D:3      | Reached ** piety under Qazlal
  2685 | D:3      | Noticed Natasha
  2693 | D:3      | Killed Natasha
  2716 | D:3      | Noticed Grinder
  2729 | D:3      | Killed from afar by Grinder

Skill      XL: |  1  2  3  4  5 |
---------------+----------------+-----
Unarmed Combat | 3 4 |  4.2
Dodging        | 3 |  3.3
Stealth        | 2 |  2.4
Fighting       | 4 |  4.0

Action                   |  1- 3 |  4- 6 || total
-------------------------+-------+-------++-------
Melee: Unarmed           |   174 |   115 ||   289
       Punch             |     1 |     3 ||     4
Throw: Tomahawk          |       |     5 ||     5
  Use: Potion            |       |     2 ||     2
 Stab: Sleeping          |     2 |     3 ||     5
  Eat: Chunk             |     3 |     3 ||     6
Armor: Robe              |    29 |    13 ||    42
Dodge: Dodged            |   112 |    70 ||   182
Block: Other             |       |     3 ||     3
